 Dungeon Crawl Stone Soup version 0.27.0-65-ge2af304b15 (webtiles) character file.

Game seed: 16939653342569187206

82 ZARRMARR the Stinger (level 4, -1/30 HPs)
             Began as a Demonspawn Venom Mage on Aug 18, 2021.
             Slain by a water moccasin (3 damage)
             ... on level 3 of the Dungeon.
             The game lasted 00:15:04 (2631 turns).

ZARRMARR the Stinger (Demonspawn Venom Mage)        Turns: 2631, Time: 00:15:05

Health: -1/30      AC:  4    Str:  4    XL:     4   Next: 21%
Magic:  8/8        EV: 12    Int: 17    God:
Gold:   81         SH:  0    Dex: 13    Spells: 8/9 levels left

rFire    x . .     SeeInvis +   f - +2 whip (elec)
rCold    + . .     Faith    .   (no shield)
rNeg     + + +     Spirit   .   a - +0 robe
rPois    +         Reflect  .   i - +0 helmet
rElec    .         Harm     .   (no cloak)
rCorr    .         Rampage  .   (no gloves)
Will     .....                  (no boots)
Stlth    ++........             (no amulet)
HPRegen  0.10/turn              d - ring of Dagg {Ice rPois rN+++ Str-5 SInv}
MPRegen  0.22/turn              e - ring of flight

@: brilliant, lethally poisoned (-1 -> -6), flying
A: ignite blood 1, magic regeneration, sharp scales 1
a: no special abilities


You were on level 3 of the Dungeon.
You visited 1 branch of the dungeon, and saw 3 of its levels.

You collected 81 gold pieces.

Inventory:

Hand Weapons
 f - a +2 whip of electrocution (weapon)
Armour
 a - a +0 robe (worn)
 i - a +0 helmet (worn)
Jewellery
 d - the ring of Dagg (left hand) {Ice rPois rN+++ Str-5 SInv}
   (You acquired it on level 2 of the Dungeon)

   [ring of ice]

   It enhances your ice magic.
   Str:       It affects your strength (-5).
   rF:        It makes you vulnerable to fire.
   rC:        It protects you from cold.
   rPois:     It protects you from poison.
   rN:        It renders you almost immune to negative energy.
   SInv:      It lets you see invisible.
 e - a ring of flight (right hand)
Scrolls
 g - a scroll of teleportation
 h - a scroll of amnesia


   Skills:
 + Level 1.7 Dodging
 + Level 2.1 Stealth
 + Level 3.2 Spellcasting
 + Level 1.5 Transmutations
 + Level 3.7 Poison Magic


You had 8 spell levels left.
You knew the following spells:

 Your Spells              Type           Power      Damage    Failure   Level
a - Sting                 Tmut/Pois      68%        1d6       6%          1

Your spell library contained the following spells:

 Spells                   Type           Power      Damage    Failure   Level
 Poisonous Vapours        Pois/Air       26%        N/A       12%         2
 Mephitic Cloud           Conj/Pois/Air  10%        N/A       30%         3
 Olgreb's Toxic Radiance  Pois           22%        N/A       36%         4


Dungeon Overview and Level Annotations

Branches:
Dungeon (3/15)

Altars:


Innate Abilities, Weirdness & Mutations

Your demonic aura sometimes causes spilled blood to erupt in flames.
You regenerate magic rapidly.
You are partially covered in razor-sharp scales. (AC +1, Slay +1)


Message History

Casting: Sting (safe; 6% risk of failure)
Confirm with . or Enter, or press ? or * to list all spells.
Aiming: Sting (safe; 6% risk of failure)
Press: ? - help, Shift-Dir - straight line, f - water moccasin
Aim: a water moccasin (wandering, hasn't noticed you, 53% to hit)
The sting hits the water moccasin but does no damage.
The water moccasin is poisoned.
The water moccasin hisses angrily.
Casting: Sting (safe; 6% risk of failure)
Confirm with . or Enter, or press ? or * to list all spells.
Aiming: Sting (safe; 6% risk of failure)
Press: ? - help, Shift-Dir - straight line, f/p - water moccasin
Aim: a water moccasin (poisoned, 53% to hit)
The sting misses the water moccasin.
The water moccasin barely misses you.
You barely miss the water moccasin. The water moccasin bites you.
You closely miss the water moccasin.
The water moccasin is lightly wounded.
The water moccasin bites you. The water moccasin closely misses you.
You completely miss the water moccasin.
The water moccasin is lightly wounded.
The water moccasin closely misses you.
You hit the water moccasin.
The water moccasin is moderately wounded.
The water moccasin looks more healthy.
The water moccasin closely misses you. The water moccasin bites you.
You barely miss the water moccasin.
The water moccasin is moderately wounded.
The water moccasin bites you. The water moccasin bites you!
* * * LOW HITPOINT WARNING * * *
You are lethally poisoned!
The water moccasin poisons you!
It was a potion of brilliance.
You feel clever all of a sudden.
* * * LOW HITPOINT WARNING * * *
You feel sick. The water moccasin misses you.
You barely miss the water moccasin.
The water moccasin is moderately wounded.
* * * LOW HITPOINT WARNING * * *
You feel sick. The water moccasin bites you.
You die...

# #.........#..####.# .. #
#.........#.## ### #.#
#######.........#.# ###..#
.....###.#.####...# #....##
####...........(### ##.....##
#####.###.....## #.......#
#.##..###..######.......#
###.##.## ##......(......$#
######...##.####@.............##
..>......<)....S...............#
####....#......#########.......#
.#.........##..# #.(.o....(
.#.#.#.##.###.## ##...)...o
.....#.##.#...# ##.......
#.#.#..##...### ##..#..
#...#.##..######## .## #
##.....†....†..... ##


You could see a water moccasin.

Vanquished Creatures
  An orc priest (D:3)
  An adder (D:2)
  2 worms (D:2)
  2 orcs (D:2)
  2 ball pythons (D:2)
  3 endoplasms
  3 giant cockroaches
  A goblin (D:2)
  6 hobgoblins
  4 kobolds
  A quokka (D:1)
  3 bats
  A frilled lizard (D:2)
  2 rats
32 creatures vanquished.

Notes
Turn   | Place    | Note
-------+----------+-------------------------------------------
     0 | D:1      | ZARRMARR the Demonspawn Venom Mage began the quest for the
                  | Orb.
     0 | D:1      | Reached XP level 1. HP: 13/13 MP: 3/3
   494 | D:1      | Gained mutation: You regenerate magic rapidly. [demonic
                  | ancestry]
   494 | D:1      | Reached XP level 2. HP: 19/19 MP: 1/5
   986 | D:2      | Reached skill level 1 in Transmutations
  1020 | D:2      | Gained mutation: You are partially covered in razor-sharp
                  | scales. (AC +1, Slay +1) [demonic ancestry]
  1020 | D:2      | Reached XP level 3. HP: 24/24 MP: 3/6
  1305 | D:2      | Found a faded altar of an unknown god.
  1550 | D:2      | Identified a scroll of acquirement
  1551 | D:2      | Acquired the ring of Dagg {Ice rPois rN+++ Str-5 SInv}
  2610 | D:3      | Gained mutation: Your demonic aura sometimes causes spilled
                  | blood to erupt in flames. [demonic ancestry]
  2610 | D:3      | Reached XP level 4. HP: 30/30 MP: 8/8
  2621 | D:3      | Noticed a water moccasin
  2631 | D:3      | Slain by a water moccasin

Illustrated notes

Levels and vault maps discovered:
D:1:      dpeg_arrival_three_smaller_balls, layout_basic
D:2:      layout_rooms, shapermc_ecumenical_altar_ellora
D:3:      layout_rooms

Skill      XL: |  1  2  3 |
---------------+----------+-----
Stealth        | 2 |  2.1
Transmutations | 1 |  1.5
Spellcasting   | 3 |  3.2
Dodging        | |  1.7
Poison Magic   | |  3.7

Action                   |  1- 3 |  4- 6 || total
-------------------------+-------+-------++-------
Melee: Whip              |    39 |     6 ||    45
       Unarmed           |     2 |       ||     2
 Cast: Sting             |    45 |     2 ||    47
  Use: Scroll            |     5 |       ||     5
       Potion            |       |     1 ||     1
 Stab: Sleeping          |     4 |       ||     4
Armor: Robe              |     9 |       ||     9
Dodge: Dodged            |    26 |     5 ||    31
